Workbook

Sheet Schedule
A1: Unify Disability Services · U-Hub toolkit
A2: Schedule of supports
A3: Choose cream inputs. Selected hourly price limits are maximums; agree actual rates with your provider.
A5: Participant
A6: NDIS number
A7: Provider | B7: Unify Disability Services
A8: Plan start | B8: 46293 | D8: Weeks in plan | E8: =IF(OR(NOT(ISNUMBER(B8)),NOT(ISNUMBER(B9)),B9<=B8),"",(B9-B8)/7) -> 52.142857
A9: Plan end | B9: 46658 | D9: Plan total | E9: =IF(E8="","Check dates",IF(COUNTIF(K13:K42,"Check inputs")>0,"Check inputs",SUM(K13:K42))) -> 35746.014
A12: Support | B12: Item number | C12: Budget category | D12: Zone | E12: Rate | F12: Hours per session | G12: Sessions | H12: Frequency | I12: Times per plan | J12: Total hours | K12: Total
A13: Occupational therapy | B13: =IF(A13="","",IFERROR(INDEX('Price limits 2026-27'!$B$4:$B$103,MATCH(A13,'Price limits 2026-27'!$A$4:$A$103,0)),"Check inputs")) -> 15_617_0128_1_3 | C13: =IF(A13="","",IFERROR(INDEX('Price limits 2026-27'!$D$4:$D$103,MATCH(A13,'Price limits 2026-27'!$A$4:$A$103,0)),"Check inputs")) -> Capacity building | D13: National | E13: =IF(A13="","",IFERROR(INDEX(CHOOSE(MATCH(D13,{"National","Remote","Very remote"},0),'Price limits 2026-27'!$E$4:$E$103,'Price limits 2026-27'!$F$4:$F$103,'Price limits 2026-27'!$G$4:$G$103),MATCH(A13,'Price limits 2026-27'!$A$4:$A$103,0)),"Check inputs")) -> 193.99 | F13: 1 | G13: 1 | H13: per week | I13: =IF(A13="","",IF(H13="per week",$E$8,IF(H13="per fortnight",$E$8/2,IF(H13="per month",$E$8*12/52,IF(H13="in total",1,"Check inputs"))))) -> 52.142857 | J13: =IF(A13="","",IF(OR(NOT(ISNUMBER(F13)),F13<=0,NOT(ISNUMBER(G13)),G13<=0,NOT(ISNUMBER(I13))),"Check inputs",F13*G13*I13)) -> 52.142857 | K13: =IF(A13="","",IF(OR($E$8="",NOT(ISNUMBER(E13)),NOT(ISNUMBER(J13))),"Check inputs",E13*J13)) -> 10115.193
A14: Coordination of supports (level 2) | B14: =IF(A14="","",IFERROR(INDEX('Price limits 2026-27'!$B$4:$B$103,MATCH(A14,'Price limits 2026-27'!$A$4:$A$103,0)),"Check inputs")) -> 07_002_0106_8_3 | C14: =IF(A14="","",IFERROR(INDEX('Price limits 2026-27'!$D$4:$D$103,MATCH(A14,'Price limits 2026-27'!$A$4:$A$103,0)),"Check inputs")) -> Support coordination | D14: National | E14: =IF(A14="","",IFERROR(INDEX(CHOOSE(MATCH(D14,{"National","Remote","Very remote"},0),'Price limits 2026-27'!$E$4:$E$103,'Price limits 2026-27'!$F$4:$F$103,'Price limits 2026-27'!$G$4:$G$103),MATCH(A14,'Price limits 2026-27'!$A$4:$A$103,0)),"Check inputs")) -> 100.14 | F14: 1 | G14: 1 | H14: per fortnight | I14: =IF(A14="","",IF(H14="per week",$E$8,IF(H14="per fortnight",$E$8/2,IF(H14="per month",$E$8*12/52,IF(H14="in total",1,"Check inputs"))))) -> 26.071429 | J14: =IF(A14="","",IF(OR(NOT(ISNUMBER(F14)),F14<=0,NOT(ISNUMBER(G14)),G14<=0,NOT(ISNUMBER(I14))),"Check inputs",F14*G14*I14)) -> 26.071429 | K14: =IF(A14="","",IF(OR($E$8="",NOT(ISNUMBER(E14)),NOT(ISNUMBER(J14))),"Check inputs",E14*J14)) -> 2610.7929
A15: Self-care, weekday daytime | B15: =IF(A15="","",IFERROR(INDEX('Price limits 2026-27'!$B$4:$B$103,MATCH(A15,'Price limits 2026-27'!$A$4:$A$103,0)),"Check inputs")) -> 01_011_0107_1_1 | C15: =IF(A15="","",IFERROR(INDEX('Price limits 2026-27'!$D$4:$D$103,MATCH(A15,'Price limits 2026-27'!$A$4:$A$103,0)),"Check inputs")) -> Core | D15: National | E15: =IF(A15="","",IFERROR(INDEX(CHOOSE(MATCH(D15,{"National","Remote","Very remote"},0),'Price limits 2026-27'!$E$4:$E$103,'Price limits 2026-27'!$F$4:$F$103,'Price limits 2026-27'!$G$4:$G$103),MATCH(A15,'Price limits 2026-27'!$A$4:$A$103,0)),"Check inputs")) -> 73.58 | F15: 3 | G15: 2 | H15: per week | I15: =IF(A15="","",IF(H15="per week",$E$8,IF(H15="per fortnight",$E$8/2,IF(H15="per month",$E$8*12/52,IF(H15="in total",1,"Check inputs"))))) -> 52.142857 | J15: =IF(A15="","",IF(OR(NOT(ISNUMBER(F15)),F15<=0,NOT(ISNUMBER(G15)),G15<=0,NOT(ISNUMBER(I15))),"Check inputs",F15*G15*I15)) -> 312.85714 | K15: =IF(A15="","",IF(OR($E$8="",NOT(ISNUMBER(E15)),NOT(ISNUMBER(J15))),"Check inputs",E15*J15)) -> 23020.029
B16: =IF(A16="","",IFERROR(INDEX('Price limits 2026-27'!$B$4:$B$103,MATCH(A16,'Price limits 2026-27'!$A$4:$A$103,0)),"Check inputs")) | C16: =IF(A16="","",IFERROR(INDEX('Price limits 2026-27'!$D$4:$D$103,MATCH(A16,'Price limits 2026-27'!$A$4:$A$103,0)),"Check inputs")) | D16: National | E16: =IF(A16="","",IFERROR(INDEX(CHOOSE(MATCH(D16,{"National","Remote","Very remote"},0),'Price limits 2026-27'!$E$4:$E$103,'Price limits 2026-27'!$F$4:$F$103,'Price limits 2026-27'!$G$4:$G$103),MATCH(A16,'Price limits 2026-27'!$A$4:$A$103,0)),"Check inputs")) | H16: per week | I16: =IF(A16="","",IF(H16="per week",$E$8,IF(H16="per fortnight",$E$8/2,IF(H16="per month",$E$8*12/52,IF(H16="in total",1,"Check inputs"))))) | J16: =IF(A16="","",IF(OR(NOT(ISNUMBER(F16)),F16<=0,NOT(ISNUMBER(G16)),G16<=0,NOT(ISNUMBER(I16))),"Check inputs",F16*G16*I16)) | K16: =IF(A16="","",IF(OR($E$8="",NOT(ISNUMBER(E16)),NOT(ISNUMBER(J16))),"Check inputs",E16*J16))
B17: =IF(A17="","",IFERROR(INDEX('Price limits 2026-27'!$B$4:$B$103,MATCH(A17,'Price limits 2026-27'!$A$4:$A$103,0)),"Check inputs")) | C17: =IF(A17="","",IFERROR(INDEX('Price limits 2026-27'!$D$4:$D$103,MATCH(A17,'Price limits 2026-27'!$A$4:$A$103,0)),"Check inputs")) | D17: National | E17: =IF(A17="","",IFERROR(INDEX(CHOOSE(MATCH(D17,{"National","Remote","Very remote"},0),'Price limits 2026-27'!$E$4:$E$103,'Price limits 2026-27'!$F$4:$F$103,'Price limits 2026-27'!$G$4:$G$103),MATCH(A17,'Price limits 2026-27'!$A$4:$A$103,0)),"Check inputs")) | H17: per week | I17: =IF(A17="","",IF(H17="per week",$E$8,IF(H17="per fortnight",$E$8/2,IF(H17="per month",$E$8*12/52,IF(H17="in total",1,"Check inputs"))))) | J17: =IF(A17="","",IF(OR(NOT(ISNUMBER(F17)),F17<=0,NOT(ISNUMBER(G17)),G17<=0,NOT(ISNUMBER(I17))),"Check inputs",F17*G17*I17)) | K17: =IF(A17="","",IF(OR($E$8="",NOT(ISNUMBER(E17)),NOT(ISNUMBER(J17))),"Check inputs",E17*J17))
B18: =IF(A18="","",IFERROR(INDEX('Price limits 2026-27'!$B$4:$B$103,MATCH(A18,'Price limits 2026-27'!$A$4:$A$103,0)),"Check inputs")) | C18: =IF(A18="","",IFERROR(INDEX('Price limits 2026-27'!$D$4:$D$103,MATCH(A18,'Price limits 2026-27'!$A$4:$A$103,0)),"Check inputs")) | D18: National | E18: =IF(A18="","",IFERROR(INDEX(CHOOSE(MATCH(D18,{"National","Remote","Very remote"},0),'Price limits 2026-27'!$E$4:$E$103,'Price limits 2026-27'!$F$4:$F$103,'Price limits 2026-27'!$G$4:$G$103),MATCH(A18,'Price limits 2026-27'!$A$4:$A$103,0)),"Check inputs")) | H18: per week | I18: =IF(A18="","",IF(H18="per week",$E$8,IF(H18="per fortnight",$E$8/2,IF(H18="per month",$E$8*12/52,IF(H18="in total",1,"Check inputs"))))) | J18: =IF(A18="","",IF(OR(NOT(ISNUMBER(F18)),F18<=0,NOT(ISNUMBER(G18)),G18<=0,NOT(ISNUMBER(I18))),"Check inputs",F18*G18*I18)) | K18: =IF(A18="","",IF(OR($E$8="",NOT(ISNUMBER(E18)),NOT(ISNUMBER(J18))),"Check inputs",E18*J18))
B19: =IF(A19="","",IFERROR(INDEX('Price limits 2026-27'!$B$4:$B$103,MATCH(A19,'Price limits 2026-27'!$A$4:$A$103,0)),"Check inputs")) | C19: =IF(A19="","",IFERROR(INDEX('Price limits 2026-27'!$D$4:$D$103,MATCH(A19,'Price limits 2026-27'!$A$4:$A$103,0)),"Check inputs")) | D19: National | E19: =IF(A19="","",IFERROR(INDEX(CHOOSE(MATCH(D19,{"National","Remote","Very remote"},0),'Price limits 2026-27'!$E$4:$E$103,'Price limits 2026-27'!$F$4:$F$103,'Price limits 2026-27'!$G$4:$G$103),MATCH(A19,'Price limits 2026-27'!$A$4:$A$103,0)),"Check inputs")) | H19: per week | I19: =IF(A19="","",IF(H19="per week",$E$8,IF(H19="per fortnight",$E$8/2,IF(H19="per month",$E$8*12/52,IF(H19="in total",1,"Check inputs"))))) | J19: =IF(A19="","",IF(OR(NOT(ISNUMBER(F19)),F19<=0,NOT(ISNUMBER(G19)),G19<=0,NOT(ISNUMBER(I19))),"Check inputs",F19*G19*I19)) | K19: =IF(A19="","",IF(OR($E$8="",NOT(ISNUMBER(E19)),NOT(ISNUMBER(J19))),"Check inputs",E19*J19))
B20: =IF(A20="","",IFERROR(INDEX('Price limits 2026-27'!$B$4:$B$103,MATCH(A20,'Price limits 2026-27'!$A$4:$A$103,0)),"Check inputs")) | C20: =IF(A20="","",IFERROR(INDEX('Price limits 2026-27'!$D$4:$D$103,MATCH(A20,'Price limits 2026-27'!$A$4:$A$103,0)),"Check inputs")) | D20: National | E20: =IF(A20="","",IFERROR(INDEX(CHOOSE(MATCH(D20,{"National","Remote","Very remote"},0),'Price limits 2026-27'!$E$4:$E$103,'Price limits 2026-27'!$F$4:$F$103,'Price limits 2026-27'!$G$4:$G$103),MATCH(A20,'Price limits 2026-27'!$A$4:$A$103,0)),"Check inputs")) | H20: per week | I20: =IF(A20="","",IF(H20="per week",$E$8,IF(H20="per fortnight",$E$8/2,IF(H20="per month",$E$8*12/52,IF(H20="in total",1,"Check inputs"))))) | J20: =IF(A20="","",IF(OR(NOT(ISNUMBER(F20)),F20<=0,NOT(ISNUMBER(G20)),G20<=0,NOT(ISNUMBER(I20))),"Check inputs",F20*G20*I20)) | K20: =IF(A20="","",IF(OR($E$8="",NOT(ISNUMBER(E20)),NOT(ISNUMBER(J20))),"Check inputs",E20*J20))
B21: =IF(A21="","",IFERROR(INDEX('Price limits 2026-27'!$B$4:$B$103,MATCH(A21,'Price limits 2026-27'!$A$4:$A$103,0)),"Check inputs")) | C21: =IF(A21="","",IFERROR(INDEX('Price limits 2026-27'!$D$4:$D$103,MATCH(A21,'Price limits 2026-27'!$A$4:$A$103,0)),"Check inputs")) | D21: National | E21: =IF(A21="","",IFERROR(INDEX(CHOOSE(MATCH(D21,{"National","Remote","Very remote"},0),'Price limits 2026-27'!$E$4:$E$103,'Price limits 2026-27'!$F$4:$F$103,'Price limits 2026-27'!$G$4:$G$103),MATCH(A21,'Price limits 2026-27'!$A$4:$A$103,0)),"Check inputs")) | H21: per week | I21: =IF(A21="","",IF(H21="per week",$E$8,IF(H21="per fortnight",$E$8/2,IF(H21="per month",$E$8*12/52,IF(H21="in total",1,"Check inputs"))))) | J21: =IF(A21="","",IF(OR(NOT(ISNUMBER(F21)),F21<=0,NOT(ISNUMBER(G21)),G21<=0,NOT(ISNUMBER(I21))),"Check inputs",F21*G21*I21)) | K21: =IF(A21="","",IF(OR($E$8="",NOT(ISNUMBER(E21)),NOT(ISNUMBER(J21))),"Check inputs",E21*J21))
B22: =IF(A22="","",IFERROR(INDEX('Price limits 2026-27'!$B$4:$B$103,MATCH(A22,'Price limits 2026-27'!$A$4:$A$103,0)),"Check inputs")) | C22: =IF(A22="","",IFERROR(INDEX('Price limits 2026-27'!$D$4:$D$103,MATCH(A22,'Price limits 2026-27'!$A$4:$A$103,0)),"Check inputs")) | D22: National | E22: =IF(A22="","",IFERROR(INDEX(CHOOSE(MATCH(D22,{"National","Remote","Very remote"},0),'Price limits 2026-27'!$E$4:$E$103,'Price limits 2026-27'!$F$4:$F$103,'Price limits 2026-27'!$G$4:$G$103),MATCH(A22,'Price limits 2026-27'!$A$4:$A$103,0)),"Check inputs")) | H22: per week | I22: =IF(A22="","",IF(H22="per week",$E$8,IF(H22="per fortnight",$E$8/2,IF(H22="per month",$E$8*12/52,IF(H22="in total",1,"Check inputs"))))) | J22: =IF(A22="","",IF(OR(NOT(ISNUMBER(F22)),F22<=0,NOT(ISNUMBER(G22)),G22<=0,NOT(ISNUMBER(I22))),"Check inputs",F22*G22*I22)) | K22: =IF(A22="","",IF(OR($E$8="",NOT(ISNUMBER(E22)),NOT(ISNUMBER(J22))),"Check inputs",E22*J22))
B23: =IF(A23="","",IFERROR(INDEX('Price limits 2026-27'!$B$4:$B$103,MATCH(A23,'Price limits 2026-27'!$A$4:$A$103,0)),"Check inputs")) | C23: =IF(A23="","",IFERROR(INDEX('Price limits 2026-27'!$D$4:$D$103,MATCH(A23,'Price limits 2026-27'!$A$4:$A$103,0)),"Check inputs")) | D23: National | E23: =IF(A23="","",IFERROR(INDEX(CHOOSE(MATCH(D23,{"National","Remote","Very remote"},0),'Price limits 2026-27'!$E$4:$E$103,'Price limits 2026-27'!$F$4:$F$103,'Price limits 2026-27'!$G$4:$G$103),MATCH(A23,'Price limits 2026-27'!$A$4:$A$103,0)),"Check inputs")) | H23: per week | I23: =IF(A23="","",IF(H23="per week",$E$8,IF(H23="per fortnight",$E$8/2,IF(H23="per month",$E$8*12/52,IF(H23="in total",1,"Check inputs"))))) | J23: =IF(A23="","",IF(OR(NOT(ISNUMBER(F23)),F23<=0,NOT(ISNUMBER(G23)),G23<=0,NOT(ISNUMBER(I23))),"Check inputs",F23*G23*I23)) | K23: =IF(A23="","",IF(OR($E$8="",NOT(ISNUMBER(E23)),NOT(ISNUMBER(J23))),"Check inputs",E23*J23))
B24: =IF(A24="","",IFERROR(INDEX('Price limits 2026-27'!$B$4:$B$103,MATCH(A24,'Price limits 2026-27'!$A$4:$A$103,0)),"Check inputs")) | C24: =IF(A24="","",IFERROR(INDEX('Price limits 2026-27'!$D$4:$D$103,MATCH(A24,'Price limits 2026-27'!$A$4:$A$103,0)),"Check inputs")) | D24: National | E24: =IF(A24="","",IFERROR(INDEX(CHOOSE(MATCH(D24,{"National","Remote","Very remote"},0),'Price limits 2026-27'!$E$4:$E$103,'Price limits 2026-27'!$F$4:$F$103,'Price limits 2026-27'!$G$4:$G$103),MATCH(A24,'Price limits 2026-27'!$A$4:$A$103,0)),"Check inputs")) | H24: per week | I24: =IF(A24="","",IF(H24="per week",$E$8,IF(H24="per fortnight",$E$8/2,IF(H24="per month",$E$8*12/52,IF(H24="in total",1,"Check inputs"))))) | J24: =IF(A24="","",IF(OR(NOT(ISNUMBER(F24)),F24<=0,NOT(ISNUMBER(G24)),G24<=0,NOT(ISNUMBER(I24))),"Check inputs",F24*G24*I24)) | K24: =IF(A24="","",IF(OR($E$8="",NOT(ISNUMBER(E24)),NOT(ISNUMBER(J24))),"Check inputs",E24*J24))
B25: =IF(A25="","",IFERROR(INDEX('Price limits 2026-27'!$B$4:$B$103,MATCH(A25,'Price limits 2026-27'!$A$4:$A$103,0)),"Check inputs")) | C25: =IF(A25="","",IFERROR(INDEX('Price limits 2026-27'!$D$4:$D$103,MATCH(A25,'Price limits 2026-27'!$A$4:$A$103,0)),"Check inputs")) | D25: National | E25: =IF(A25="","",IFERROR(INDEX(CHOOSE(MATCH(D25,{"National","Remote","Very remote"},0),'Price limits 2026-27'!$E$4:$E$103,'Price limits 2026-27'!$F$4:$F$103,'Price limits 2026-27'!$G$4:$G$103),MATCH(A25,'Price limits 2026-27'!$A$4:$A$103,0)),"Check inputs")) | H25: per week | I25: =IF(A25="","",IF(H25="per week",$E$8,IF(H25="per fortnight",$E$8/2,IF(H25="per month",$E$8*12/52,IF(H25="in total",1,"Check inputs"))))) | J25: =IF(A25="","",IF(OR(NOT(ISNUMBER(F25)),F25<=0,NOT(ISNUMBER(G25)),G25<=0,NOT(ISNUMBER(I25))),"Check inputs",F25*G25*I25)) | K25: =IF(A25="","",IF(OR($E$8="",NOT(ISNUMBER(E25)),NOT(ISNUMBER(J25))),"Check inputs",E25*J25))
B26: =IF(A26="","",IFERROR(INDEX('Price limits 2026-27'!$B$4:$B$103,MATCH(A26,'Price limits 2026-27'!$A$4:$A$103,0)),"Check inputs")) | C26: =IF(A26="","",IFERROR(INDEX('Price limits 2026-27'!$D$4:$D$103,MATCH(A26,'Price limits 2026-27'!$A$4:$A$103,0)),"Check inputs")) | D26: National | E26: =IF(A26="","",IFERROR(INDEX(CHOOSE(MATCH(D26,{"National","Remote","Very remote"},0),'Price limits 2026-27'!$E$4:$E$103,'Price limits 2026-27'!$F$4:$F$103,'Price limits 2026-27'!$G$4:$G$103),MATCH(A26,'Price limits 2026-27'!$A$4:$A$103,0)),"Check inputs")) | H26: per week | I26: =IF(A26="","",IF(H26="per week",$E$8,IF(H26="per fortnight",$E$8/2,IF(H26="per month",$E$8*12/52,IF(H26="in total",1,"Check inputs"))))) | J26: =IF(A26="","",IF(OR(NOT(ISNUMBER(F26)),F26<=0,NOT(ISNUMBER(G26)),G26<=0,NOT(ISNUMBER(I26))),"Check inputs",F26*G26*I26)) | K26: =IF(A26="","",IF(OR($E$8="",NOT(ISNUMBER(E26)),NOT(ISNUMBER(J26))),"Check inputs",E26*J26))
B27: =IF(A27="","",IFERROR(INDEX('Price limits 2026-27'!$B$4:$B$103,MATCH(A27,'Price limits 2026-27'!$A$4:$A$103,0)),"Check inputs")) | C27: =IF(A27="","",IFERROR(INDEX('Price limits 2026-27'!$D$4:$D$103,MATCH(A27,'Price limits 2026-27'!$A$4:$A$103,0)),"Check inputs")) | D27: National | E27: =IF(A27="","",IFERROR(INDEX(CHOOSE(MATCH(D27,{"National","Remote","Very remote"},0),'Price limits 2026-27'!$E$4:$E$103,'Price limits 2026-27'!$F$4:$F$103,'Price limits 2026-27'!$G$4:$G$103),MATCH(A27,'Price limits 2026-27'!$A$4:$A$103,0)),"Check inputs")) | H27: per week | I27: =IF(A27="","",IF(H27="per week",$E$8,IF(H27="per fortnight",$E$8/2,IF(H27="per month",$E$8*12/52,IF(H27="in total",1,"Check inputs"))))) | J27: =IF(A27="","",IF(OR(NOT(ISNUMBER(F27)),F27<=0,NOT(ISNUMBER(G27)),G27<=0,NOT(ISNUMBER(I27))),"Check inputs",F27*G27*I27)) | K27: =IF(A27="","",IF(OR($E$8="",NOT(ISNUMBER(E27)),NOT(ISNUMBER(J27))),"Check inputs",E27*J27))
... B42: =IF(A42="","",IFERROR(INDEX('Price limits 2026-27'!$B$4:$B$103,MATCH(A42,'Price limits 2026-27'!$A$4:$A$103,0)),"Check inputs")) | C42: =IF(A42="","",IFERROR(INDEX('Price limits 2026-27'!$D$4:$D$103,MATCH(A42,'Price limits 2026-27'!$A$4:$A$103,0)),"Check inputs")) | D42: National | E42: =IF(A42="","",IFERROR(INDEX(CHOOSE(MATCH(D42,{"National","Remote","Very remote"},0),'Price limits 2026-27'!$E$4:$E$103,'Price limits 2026-27'!$F$4:$F$103,'Price limits 2026-27'!$G$4:$G$103),MATCH(A42,'Price limits 2026-27'!$A$4:$A$103,0)),"Check inputs")) | H42: per week | I42: =IF(A42="","",IF(H42="per week",$E$8,IF(H42="per fortnight",$E$8/2,IF(H42="per month",$E$8*12/52,IF(H42="in total",1,"Check inputs"))))) | J42: =IF(A42="","",IF(OR(NOT(ISNUMBER(F42)),F42<=0,NOT(ISNUMBER(G42)),G42<=0,NOT(ISNUMBER(I42))),"Check inputs",F42*G42*I42)) | K42: =IF(A42="","",IF(OR($E$8="",NOT(ISNUMBER(E42)),NOT(ISNUMBER(J42))),"Check inputs",E42*J42))
A45: Totals by budget category
A46: Core | B46: =IF(ISNUMBER($E$9),SUMIF($C$13:$C$42,A46,$K$13:$K$42),"Check inputs") -> 23020.029
A47: Capacity building | B47: =IF(ISNUMBER($E$9),SUMIF($C$13:$C$42,A47,$K$13:$K$42),"Check inputs") -> 10115.193
A48: Support coordination | B48: =IF(ISNUMBER($E$9),SUMIF($C$13:$C$42,A48,$K$13:$K$42),"Check inputs") -> 2610.7929
A50: Catalogue 2026–27 v1.1. Pricing schedule effective 24 September 2026. 100 selected hourly supports.
A51: Direct hours only. Agree indirect costs, claim eligibility, intensity, ratios, time of day and delivery zone separately.
A52: Weekly/fortnightly quantities are prorated using exact plan days; monthly quantities use 12 months per 52 weeks.
A53: Source: https://www.ndis.gov.au/providers/pricing-and-payments/pricing/what-support-catalogue

Sheet Price limits 2026-27
A1: 100 selected hourly supports · catalogue 2026–27 v1.1
A3: Support | B3: Item number | C3: Group | D3: Budget category | E3: National | F3: Remote | G3: Very remote | H3: Provider travel (national) | I3: Indirect activities
A4: Psychology | B4: 15_054_0128_1_3 | C4: Therapy | D4: Capacity building | E4: 252.99 | F4: 354.19 | G4: 379.49 | H4: 126.5 | I4: Own lines (_NF, _RR, _CA, _TH, _PT)
A5: Occupational therapy | B5: 15_617_0128_1_3 | C5: Therapy | D5: Capacity building | E5: 193.99 | F5: 271.59 | G5: 290.99 | H5: 97 | I5: Own lines (_NF, _RR, _CA, _TH, _PT)
A6: Speech pathology | B6: 15_622_0128_1_3 | C6: Therapy | D6: Capacity building | E6: 193.99 | F6: 271.59 | G6: 290.99 | H6: 97 | I6: Own lines (_NF, _RR, _CA, _TH, _PT)
A7: Physiotherapy | B7: 15_055_0128_1_3 | C7: Therapy | D7: Capacity building | E7: 183.99 | F7: 257.59 | G7: 275.99 | H7: 92 | I7: Own lines (_NF, _RR, _CA, _TH, _PT)
A8: Podiatry | B8: 15_619_0128_1_3 | C8: Therapy | D8: Capacity building | E8: 188.99 | F8: 264.59 | G8: 283.49 | H8: 94.5 | I8: Own lines (_NF, _RR, _CA, _TH, _PT)
A9: Dietetics | B9: 15_062_0128_3_3 | C9: Therapy | D9: Capacity building | E9: 178.99 | F9: 250.59 | G9: 268.49 | H9: 89.5 | I9: Own lines (_NF, _RR, _CA, _TH, _PT)
A10: Exercise physiology | B10: 15_200_0128_1_3 | C10: Therapy | D10: Capacity building | E10: 161.99 | F10: 226.79 | G10: 242.99 | H10: 81 | I10: Own lines (_NF, _RR, _CA, _TH, _PT)
A11: Social work | B11: 15_621_0128_1_3 | C11: Therapy | D11: Capacity building | E11: 193.99 | F11: 271.59 | G11: 290.99 | H11: 97 | I11: Own lines (_NF, _RR, _CA, _TH, _PT)
A12: Counselling | B12: 15_043_0128_1_3 | C12: Therapy | D12: Capacity building | E12: 156.16 | F12: 218.62 | G12: 234.24 | H12: 78.08 | I12: Own lines (_NF, _RR, _CA, _TH, _PT)
A13: Developmental education | B13: 15_613_0128_1_3 | C13: Therapy | D13: Capacity building | E13: 193.99 | F13: 271.59 | G13: 290.99 | H13: 97 | I13: Own lines (_NF, _RR, _CA, _TH, _PT)
A14: Audiology | B14: 15_611_0128_1_3 | C14: Therapy | D14: Capacity building | E14: 193.99 | F14: 271.59 | G14: 290.99 | H14: 97 | I14: Own lines (_NF, _RR, _CA, _TH, _PT)
A15: Art therapy | B15: 15_610_0128_1_3 | C15: Therapy | D15: Capacity building | E15: 156.16 | F15: 218.62 | G15: 234.24 | H15: 78.08 | I15: Own lines (_NF, _RR, _CA, _TH, _PT)
... A103: Nurse practitioner, weekday daytime | B103: 01_624_0114_1_1 | C103: Nursing | D103: Core | E103: 183.15 | F103: 256.41 | G103: 274.73 | H103: 183.15 | I103: Claim against same item
